 Dungeon Crawl Stone Soup version 0.31-a0-231-g51bb95cda3 (webtiles) character file.

Game seed: 17765929489371435160

88 qw the Shooter (level 4, 0/36 HPs)
             Began as a Minotaur Hexslinger on July 6, 2023.
             Slain by a river rat (8 damage)
             ... summoned by Eustachio
             ... on level 4 of the Dungeon.
             The game lasted 00:00:42 (1918 turns).

qw the Shooter (Minotaur Hexslinger)                Turns: 1918, Time: 00:00:43

Health: 0/36       AC:  6    Str: 13    XL:     4   Next: 29%
Magic:  4/4        EV: 11    Int: 10    God:
Gold:   84         SH:  0    Dex: 14    Spells: 4/5 levels left

rFire   . . .        Y - +1 sling
rCold   . . .        (no shield)
rNeg    . . .        k - +0 ring mail
rPois   .            (helmet restricted)
rElec   .            (no cloak)
rCorr   +            (no gloves)
SInv    .            d - +0 pair of boots
Will    .....        (no amulet)
Stlth   +            g - ring of resist corrosion
HPRegen 0.26/turn    (no ring)
MPRegen 0.09/turn

%: no passive effects
@: no status effects
A: horns 2, retaliatory headbutt
a: no special abilities


You were on level 4 of the Dungeon.
You visited 1 branch of the dungeon, and saw 4 of its levels.

You collected 84 gold pieces.


Innate Abilities, Weirdness & Mutations

You have a pair of horns on your head.
You reflexively headbutt those who attack you in melee.


   Skills:
 - Level 2.0 Fighting
 - Level 4.8 Ranged Weapons
 + Level 0.2 Armour
 - Level 2.1 Dodging
 - Level 1.0 Spellcasting
 - Level 2.0 Hexes


You had 4 spell levels left.
You knew the following spells:

 Your Spells              Type           Power      Damage    Failure   Level
a - Slow                  Hex            16%        N/A       32%         1

Your spell library contained the following spells:

 Spells                   Type           Power      Damage    Failure   Level
 Inner Flame              Hex/Fire       2%         N/A       82%         3
 Portal Projectile        Hex/Tloc       4%         N/A       82%         3
 Cause Fear               Hex            2%         N/A       97%         4

Inventory:

Hand Weapons
 Y - a +1 sling (weapon)
Armour
 d - a +0 pair of boots (worn)
 k - a +0 ring mail (worn)
Jewellery
 g - a ring of resist corrosion (left hand)
Potions
 a - a potion of resistance {unknown}
 b - a potion of heal wounds {unknown}
 c - a potion of invisibility {unknown}
 e - a potion of curing {unknown}
 f - a potion of might
 h - a potion of brilliance {unknown}

Dungeon Overview and Level Annotations

Branches:
Dungeon (4/15)
 Temple: D:4-7

Altars:
Sif Muna

Annotations:
D:4 Eustachio


Message History

The sling bullet barely misses Eustachio.
The bat hits you but does no damage. x2
Eustachio casts a spell.
Eustachio hits you with a +0 rapier.
You shoot a sling bullet.
The sling bullet barely misses Eustachio.
The bat disappears in a puff of smoke!
The bat hits you. The quokka misses you.
Eustachio casts a spell.
Eustachio blinks!
You shoot a sling bullet. The sling bullet hits the river rat.
The river rat is lightly wounded.
The bat hits you. The bat hits you but does no damage.
The quokka bites you but does no damage.
The quokka closely misses you.
Eustachio casts a spell.
Eustachio blinks!
The river rat bites you. The quokka barely misses you. You furiously retaliate!
You headbutt the quokka!
You kill the quokka!
The quokka's corpse disappears in a puff of smoke!
The quokka closely misses you. You furiously retaliate!
You headbutt the quokka. You shoot a sling bullet.
The sling bullet hits the quokka.
The quokka is almost dead.
The bat closely misses you.
Eustachio casts a spell.
Eustachio blinks!
The river rat bites you. The bat hits you but does no damage.
The quokka bites you.
Eustachio mumbles some strange words.
Eustachio blinks!
You shoot a sling bullet.
The sling bullet closely misses Eustachio.
The bat barely misses you. The bat hits you. The river rat bites you.
The quokka closely misses you. You furiously retaliate!
You headbutt the quokka.
You kill the quokka!
The quokka's corpse disappears in a puff of smoke!
Eustachio mumbles some strange words.
Eustachio blinks!
The river rat barely misses you.
You shoot a sling bullet. The sling bullet hits the river rat.
The river rat is heavily wounded.
The bat barely misses you. The river rat bites you!
You die...

.. ######.## ##
##....#..# ...
##.....#..# ##...
#......##.######.....
............#.....#
......>.###......#
.......r#####..###
......b@.# #..#
.......¤¤# ##.##
.........# ##.##
.........# #..##
.........# #...##
.........# #..<.#
#.....>.@# ##....#
##.......# #....#
#.....#


You could see Eustachio, a river rat (summoned) and a bat (summoned).

Vanquished Creatures
  3 adders
  A worm (D:2)
  A dart slug (D:3)
  An orc (D:3)
  5 ball pythons (D:1)
  6 endoplasms
  2 giant cockroaches (D:1)
  7 goblins
  6 hobgoblins
  5 jackals
  3 kobolds
  3 bats
  2 frilled lizards (D:3)
  6 rats
51 creatures vanquished.

Notes
Turn   | Place    | Note
-------+----------+-------------------------------------------
     0 | D:1      | qw the Minotaur Hexslinger began the quest for the Orb.
     0 | D:1      | Reached XP level 1. HP: 16/16 MP: 1/1
     0 | D:1      | 0 ||| qw: Version: 0.3-a-46-gb1f654a
     0 | D:1      | 0 ||| qw: Game counter: 1855
     0 | D:1      | 0 ||| qw: Melee chars always use a shield: true
     0 | D:1      | 0 ||| qw: God list: Okawaru
     0 | D:1      | 0 ||| qw: Allow faded altars: false
     0 | D:1      | 0 ||| qw: Do Orc after clearing Dungeon:15 true
     0 | D:1      | 0 ||| qw: Do second Lair branch before Depths: true
     0 | D:1      | 0 ||| qw: Lair rune preference: random
     0 | D:1      | 0 ||| qw: Goals: Normal
     0 | D:1      | 0 ||| PLANNING D:1-11
    32 | D:1      | Reached skill level 3 in Ranged Weapons
    38 | D:1      | Reached XP level 2. HP: 17/23 MP: 2/2
   379 | D:1      | Reached XP level 3. HP: 29/29 MP: 3/3
   669 | D:1      | 669 ||| UPGRADING to +0 pair of boots.
   674 | D:1      | 674 ||| DROPPING ring of wizardry.
   675 | D:1      | 675 ||| UPGRADING to ring of resist corrosion.
   676 | D:1      | 676 ||| DROPPING scroll of poison.
   847 | D:2      | Reached skill level 4 in Ranged Weapons
  1360 | D:2      | 1360 ||| UPGRADING to +0 leather armour.
  1370 | D:2      | 1370 ||| DROPPING +0 robe.
  1371 | D:2      | 1371 ||| READING scroll labelled ZUQENA ZUCZUQIT.
  1372 | D:2      | 1372 ||| READING scroll labelled KOERA NULEU.
  1373 | D:2      | 1373 ||| READING scroll labelled QIUZIKKI CEAT.
  1407 | D:3      | Reached XP level 4. HP: 36/36 MP: 4/4
  1573 | D:3      | Found a shimmering blue altar of Sif Muna.
  1790 | D:3      | 1790 ||| UPGRADING to +0 ring mail.
  1800 | D:3      | 1800 ||| DROPPING +0 leather armour.
  1801 | D:3      | 1801 ||| READING scroll labelled DUSOXACZEING.
  1865 | D:3      | 1865 ||| DRINKING 2 pink potions.
  1896 | D:4      | Noticed Eustachio
  1917 | D:4      | HP: 8/36 [river rat[Eustachio] (6)]
  1918 | D:4      | Slain by a river rat

Levels and vault maps discovered:
D:1:      lemuel_arrival_funnel, layout_loops_ring, chequers_big_river
D:2:      layout_loops_ring
D:3:      layout_rooms, mainiacjoe_overflow_24_doors
D:4:      layout_cave_pods, lemuel_crystal_altar, zin_purify,
          mainiacjoe_overflow_concentric_impassable, uniq_eustachio

Skill      XL: |  1  2  3 |
---------------+----------+-----
Ranged Weapons | 3 4 |  4.8
Fighting       | 2 |  2.0
Armour         | |  0.2
Dodging        | |  2.1
Spellcasting   | |  1.0
Hexes          | |  2.0

Action                     |  1- 3 |  4- 6 || total
---------------------------+-------+-------++-------
   Fire: Sling             |   108 |    49 ||   157
    Use: Scroll            |     3 |     1 ||     4
         Potion            |       |     1 ||     1
 Armour: Robe              |     9 |       ||     9
         Ring mail         |       |     7 ||     7
  Dodge: Dodged            |    32 |    17 ||    49

Table legend:
 A = Non-vault XP
 B = Vault XP
 C = Vault XP percentage of total XP
 D = Non-vault monster count
 E = Vault monster count
 F = Vault count percentage of total count
                 A         B        C        D         E       F
            +---------+---------+-------+---------+---------+-------
      Total |     126 |       0 |   0.0 |      51 |       0 |   0.0
            +---------+---------+-------+---------+---------+-------
        D:1 |      47 |       0 |   0.0 |      27 |       0 |   0.0
        D:2 |      46 |       0 |   0.0 |      13 |       0 |   0.0
        D:3 |      29 |       0 |   0.0 |       9 |       0 |   0.0
        D:4 |       4 |       0 |   0.0 |       2 |       0 |   0.0
            +---------+---------+-------+---------+---------+-------
